 Dungeon Crawl Stone Soup version 0.22-a0-301-gf0fe05c (webtiles) character file.

62 empire the Protected (level 4, 0/41 HPs)
             Began as a Gnoll Wanderer on Mar 26, 2018.
             Slain by a gnoll
             ... wielding a +0 halberd
              (10 damage)
             ... on level 2 of the Dungeon.
             The game lasted 00:05:05 (822 turns).

empire the Protected (Gnoll Wanderer)                Turns: 822, Time: 00:05:06

Health: 0/41       AC: 18    Str: 12 (15) XL:     4   Next: 8%
Magic:  6/6        EV: 11    Int: 16 (17) God:
Gold:   57         SH:  0    Dex: 11 (12) Spells: 5/5 levels left

rFire    . . .     SeeInvis +   b - +2 short sword (protect)
rCold    . . .     Gourm    .   (no shield)
rNeg     . . .     Faith    .   s - +0 scale mail
rPois    .         Spirit   .   (no helmet)
rElec    .         Reflect  .   (no cloak)
rCorr    .         Harm     .   q - +2 pair of gloves
MR       .....                  (no boots)
Stlth    ..........             (no amulet)
HPRegen  0.13/turn              (no ring)
MPRegen  0.10/turn              (no ring)

@: protection aura
A: distributed training, fangs 1, repulsion field 1, see invisible,
deterioration 1, strong nose
a: no special abilities


You were on level 2 of the Dungeon.
You were not hungry.

You visited 1 branch of the dungeon, and saw 2 of its levels.

You collected 57 gold pieces.

Inventory:

Hand Weapons
 a - a +2 hand crossbow
 b - a +2 short sword of protection (weapon)
 c - a +0 hunting sling
 t - a cursed -2 short sword
Missiles
 e - 30 poisoned needles
 k - 14 arrows
Armour
 d - a +0 robe
 n - a +0 ring mail
 q - a +2 pair of gloves (worn)
 s - a +0 scale mail (worn)
Jewellery
 j - an uncursed amulet of rage
Potions
 g - 2 potions of curing
 h - a potion of magic
Comestibles
 f - 3 rations


   Skills:
 + Level 6.5 Fighting
 + Level 1.0 Short Blades
 + Level 1.0 Long Blades
 + Level 1.0 Axes
 + Level 1.0 Maces & Flails
 + Level 1.0 Polearms
 + Level 1.0 Staves
 + Level 1.0 Slings
 + Level 1.0 Bows
 + Level 2.7 Crossbows
 + Level 2.7 Throwing
 + Level 8.5 Armour
 + Level 1.0 Dodging
 + Level 1.0 Stealth
 + Level 1.0 Shields
 + Level 1.0 Unarmed Combat
 + Level 1.0 Spellcasting
 + Level 0.7 Conjurations
 + Level 0.7 Hexes
 + Level 0.7 Charms
 + Level 0.7 Summonings
 + Level 0.7 Necromancy
 + Level 0.7 Translocations
 + Level 0.7 Transmutations
 + Level 0.7 Fire Magic
 + Level 0.7 Ice Magic
 + Level 0.7 Air Magic
 + Level 0.7 Earth Magic
 + Level 0.7 Poison Magic
 + Level 1.1 Invocations
 + Level 2.7 Evocations


You had 5 spell levels left.
You didn't know any spells.

Dungeon Overview and Level Annotations

Branches:
Dungeon (2/15)

Altars:


Innate Abilities, Weirdness & Mutations

Your experience applies equally to all skills.
You have very sharp teeth.
Your uncanny sense of smell can sniff out nearby items.
You are surrounded by a mild repulsion field. (EV +2)
You have supernaturally acute eyesight. (SInv)
Your body sometimes deteriorates upon taking damage.


Message History

The gnoll barely misses you.
You hit the gnoll.
Your weapon exudes an aura of protection.
The gnoll is moderately wounded.
The gnoll barely misses you.
You hit the gnoll but do no damage.
The gnoll is moderately wounded.
The gnoll barely misses you.
You barely miss the gnoll.
The gnoll is moderately wounded.
The gnoll misses you.
You barely miss the gnoll.
The gnoll is moderately wounded.
You hit the gnoll. You bite the gnoll, but do no damage.
The gnoll is moderately wounded.
The gnoll hits you but does no damage.
You hit the gnoll. You bite the gnoll.
The gnoll is severely wounded.
The gnoll hits you with a halberd!
You die...

#. ∆ #. #
#. #.#.
##(#.##
.##(....#
....(.()#
#<# #@#
#...g)#
###.#..
#...#. .
.....
####.. .#
#(. .#
#..# #


You could see a gnoll.

Vanquished Creatures
  3 gnolls (D:2)
  2 dart slugs (D:1)
  A leopard gecko (D:2)
  2 hobgoblins (D:1)
  4 jackals
  4 kobolds (D:1)
  A quokka (D:2)
  2 ball pythons (D:1)
  4 bats (D:1)
  A frilled lizard (D:1)
  2 goblins
  3 rats (D:1)
29 creatures vanquished.

Notes
Turn   | Place    | Note
-------+----------+-------------------------------------------
     0 | D:1      | empire the Gnoll Wanderer began the quest for the Orb.
     0 | D:1      | empire set off with: a +2 hand crossbow, 27 bolts, 2 potions of curing, a +0 robe, a ration
     0 | D:1      | Reached XP level 1. HP: 23/23 MP: 2/2
   183 | D:1      | Reached XP level 2. HP: 20/29 MP: 3/3
   766 | D:2      | Reached XP level 3. HP: 27/35 MP: 4/4
   775 | D:2      | Gained mutation: You are surrounded by a mild repulsion field. (EV +2) [potion of mutation]
   775 | D:2      | Gained mutation: Your body sometimes deteriorates upon taking damage. [potion of mutation]
   775 | D:2      | Gained mutation: You have supernaturally acute eyesight. (SInv) [potion of mutation]
   791 | D:2      | Reached skill level 1 in Invocations
   803 | D:2      | Reached skill level 1 in Short Blades
   803 | D:2      | Reached skill level 1 in Long Blades
   803 | D:2      | Reached skill level 1 in Axes
   803 | D:2      | Reached skill level 1 in Maces & Flails
   803 | D:2      | Reached skill level 1 in Polearms
   803 | D:2      | Reached skill level 1 in Staves
   803 | D:2      | Reached skill level 1 in Slings
   803 | D:2      | Reached skill level 1 in Bows
   803 | D:2      | Reached skill level 1 in Dodging
   803 | D:2      | Reached skill level 1 in Stealth
   803 | D:2      | Reached skill level 1 in Shields
   803 | D:2      | Reached skill level 1 in Unarmed Combat
   803 | D:2      | Reached skill level 1 in Spellcasting
   803 | D:2      | Reached XP level 4. HP: 41/41 MP: 4/6
   822 | D:2      | Slain by a gnoll

Vault maps used:
D:1:      scummos_arrival_gate, minmay_pentomino_v4

Skill      XL: |  1  2  3 |
---------------+----------+-----
Invocations    | 1 |  1.1
Short Blades   | 1 |  1.0
Long Blades    | 1 |  1.0
Axes           | 1 |  1.0
Maces & Flails | 1 |  1.0
Polearms       | 1 |  1.0
Staves         | 1 |  1.0
Slings         | 1 |  1.0
Bows           | 1 |  1.0
Dodging        | 1 |  1.0
Stealth        | 1 |  1.0
Shields        | 1 |  1.0
Unarmed Combat | 1 |  1.0
Spellcasting   | 1 |  1.0
Fighting       | |  6.5
Crossbows      | |  2.7
Throwing       | |  2.7
Armour         | |  8.5
Conjurations   | |  0.7
Hexes          | |  0.7
Charms         | |  0.7
Summonings     | |  0.7
Necromancy     | |  0.7
Translocations | |  0.7
Transmutations | |  0.7
Fire Magic     | |  0.7
Ice Magic      | |  0.7
Air Magic      | |  0.7
Earth Magic    | |  0.7
Poison Magic   | |  0.7
Evocations     | |  2.7

Action                   |  1- 3 |  4- 6 || total
-------------------------+-------+-------++-------
Melee: Short sword       |    29 |     8 ||    37
       Bite              |     1 |     3 ||     4
 Fire: Hand crossbow     |    55 |     5 ||    60
  Use: Scroll            |     3 |       ||     3
       Potion            |     5 |       ||     5
Armor: Robe              |     1 |       ||     1
       Scale mail        |    61 |     1 ||    62
       Ring mail         |     2 |       ||     2
       Skin              |    53 |    16 ||    69
Dodge: Dodged            |    85 |     4 ||    89

Table legend:
 A = Spawn XP
 B = Non-spawn XP
 C = Spawn XP percentage of total XP
 D = Spawn monster count
 E = Non-spawn monster count
 F = Spawn count percentage of total count
 G = Total turns spent on level
                    A         B        C        D         E        F      G
               +---------+---------+-------+---------+---------+-------+---------
         Total |       0 |      89 |   0.0 |       0 |      29 |   0.0 |   822
               +---------+---------+-------+---------+---------+-------+---------
           D:1 |       0 |      33 |   0.0 |       0 |      20 |   0.0 |   749
           D:2 |       0 |      56 |   0.0 |       0 |       9 |   0.0 |    73
               +---------+---------+-------+---------+---------+-------+---------
